 Dungeon Crawl Stone Soup version 0.18-a0-1577-gf591c28 (webtiles) character file.

389 M4edhros the Sneak (level 6, -5/38 HPs)
             Began as an Octopode Artificer on Mar 20, 2016.
             Slain by a decayed bog body (8 damage)
             ... in an ossuary.
             The game lasted 00:02:25 (2637 turns).

M4edhros the Sneak (Octopode Artificer)             Turns: 2637, Time: 00:02:26

Health: -5/38      AC:  1    Str: 14 (15) XL:     6   Next: 79%
Magic:  17/17      EV: 14    Int: 11 (14) God:
Gold:   215        SH:  0    Dex: 14 (15) Spells: 0 memorised, 5 levels left

rFire  . . .     SeeInvis .     i - +2 dagger (venom)
rCold  . . .     Gourm    .     (no shield)
rNeg   . . .     Faith    .     (helmet restricted)
rPois  .         Spirit   .     (no amulet)
rElec  .         Dismiss  .     g - ring of magical power
rCorr  .         Reflect  .     (no ring)
SustAt .         Harm     .     (no ring)
MR     .....                    (no ring)
Stlth  +++++.....               (no ring)
                                (no ring)
                                (no ring)
                                (no ring)

@: mighty, not resistant to hostile enchantments, quite stealthy
A: almost no armour, amphibious, 8 rings, constrict 8, camouflage 1, gelatinous
body 1
a: no special abilities


You were in an ossuary.
You were very hungry.

You visited 1 branch of the dungeon, and saw 4 of its levels.
You also visited: Ossuary.

You collected 215 gold pieces.

Inventory:

Hand Weapons
 a - a +0 short sword
 i - a +2 dagger of venom (weapon)
 y - a +1 flail of protection
Missiles
 h - 22 sling bullets
Jewellery
 g - a ring of magical power (left tentacle)
 w - a +2 ring of evasion {unknown}
Wands
 b - a wand of flame (15/48)
 c - a wand of enslavement (15/24)
 d - a wand of random effects (15/48)
Scrolls
 j - a scroll of enchant weapon {unknown}
 l - 2 scrolls of immolation {unknown}
 o - 7 scrolls of identify {unknown}
 s - 3 scrolls of magic mapping {unknown}
 t - a scroll of fear {unknown}
 u - a scroll of amnesia {unknown}
 v - a scroll of remove curse {unknown}
 x - 2 scrolls of teleportation {unknown}
 z - a scroll of enchant armour {unknown}
Potions
 k - a potion of cancellation
 n - a potion of mutation {unknown}
 p - a potion of cure mutation {unknown}
 q - 2 potions of curing {unknown}
 r - a potion of berserk rage {unknown}
Comestibles
 f - a bread ration


   Skills:
 - Level 1.0 Fighting
 - Level 1.0 Short Blades
 + Level 4.5 Dodging
 * Level 7.7 Stealth
 - Level 3.2 Evocations


You had 5 spell levels left.
You didn't know any spells.

Dungeon Overview and Level Annotations

Branches:
Dungeon (4/15)
 Temple: D:4-7

Altars:
Fedhas
Qazlal


Innate Abilities, Weirdness & Mutations

You cannot wear most types of armour.
You are amphibious.
You can wear up to eight rings at the same time.
You can use your tentacles to constrict eight enemies at once.
Your skin changes colour to match your surroundings (Stealth).
Your rubbery body absorbs attacks (AC +1).


Message History

It was a potion of might.
You feel very mighty all of a sudden.
You hit the decayed bog body. You grab the decayed bog body.
The decayed bog body is moderately damaged.
You constrict the decayed bog body, but do no damage.
You puncture the decayed bog body!
The decayed bog body is severely damaged.
You constrict the decayed bog body.
The decayed bog body gestures at you while chanting.
The puff of frost hits you!
* * * LOW HITPOINT WARNING * * *
Drink which item? (? for menu, Esc to quit)
It was a potion of degeneration.
There was something very wrong with that liquid.
You feel weakened.
You feel dopey.
You feel clumsy.
You constrict the decayed bog body. The decayed bog body barely misses you.
The decayed bog body touches you.
* * * LOW HITPOINT WARNING * * *
The decayed bog body freezes you!
You die...

# ##### #≈
#..∩# ≈≈≈
#.∩.# P≈ #.@.#
#
###.##n##'##+#
#P≈.≈.MZ.Z....
#≈#+#.≈≈#'#+#+
#.≈†≈.# #
#≈##### ##


You could see a decayed bog body, a mummy and a howler monkey zombie.

Vanquished Creatures
  Edmund (D:4)
  2 bog bodies (Ossuary)
  An orc priest (D:3)
  A centaur skeleton (D:4)
  4 adders
  2 oozes
  4 worms
  A dart slug (D:1)
  5 giant geckos
  5 orcs
  8 bats
  4 giant cockroaches
  5 hobgoblins
  4 jackals
  8 kobolds
  A quokka (D:3)
  7 giant newts
  6 goblins
  8 rats
77 creatures vanquished.

Vanquished Creatures (others)
  A withered plant (Ossuary)
1 creature vanquished.

Grand Total: 78 creatures vanquished

Notes
Turn   | Place    | Note
--------------------------------------------------------------
     0 | D:1      | M4edhros the Octopode Artificer began the quest for the Orb.
     0 | D:1      | Reached XP level 1. HP: 13/13 MP: 3/3
    50 | D:1      | Reached skill level 2 in Stealth
    53 | D:1      | Reached XP level 2. HP: 13/18 MP: 4/4
   446 | D:1      | Reached skill level 3 in Stealth
   446 | D:1      | Reached XP level 3. HP: 23/23 MP: 5/5
   851 | D:2      | Found a blossoming altar of Fedhas.
  1041 | D:2      | Reached skill level 4 in Stealth
  1287 | D:2      | Reached XP level 4. HP: 28/28 MP: 6/6
  1679 | D:3      | Reached skill level 5 in Stealth
  1679 | D:3      | Reached XP level 5. HP: 27/33 MP: 7/7
  2276 | D:4      | Reached skill level 6 in Stealth
  2319 | D:4      | Noticed an air elemental
  2321 | D:4      | Found a stormy altar of Qazlal.
  2335 | D:4      | Noticed a water elemental
  2427 | D:4      | Noticed Edmund
  2440 | D:4      | Killed Edmund
  2440 | D:4      | Reached skill level 7 in Stealth
  2440 | D:4      | Reached XP level 6. HP: 14/38 MP: 8/8
  2455 | D:4      | Found a sand-covered staircase.
  2622 | Ossuary  | Entered an ossuary
  2637 | Ossuary  | Slain by a decayed bog body

Vault maps used:
D:1:      minmay_arrival_checkered_box
D:2:      grunt_ministairs_15, fedhas_altar_1
D:4:      kennysheep_the_goblin_king, kennysheep_mini,
          chequers_ossuary_entry_cave, first_bread,
          nicolae_qazlal_style_of_elements, uniq_edmund
Ossuary:  ossuary_zaba_flooded

Skill      XL: |  1  2  3  4  5 |
---------------+----------------+-----
Stealth        | 2 3 4 5 7 |  7.7
Dodging        | 3 4 |  4.5
Fighting       | |  1.0
Short Blades   | |  1.0
Evocations     | |  3.2

Action                   |  1- 3 |  4- 6 || total
-------------------------+-------+-------++-------
Melee: Short sword       |    14 |       ||    14
       Dagger            |    47 |    79 ||   126
  Use: Potion            |       |     3 ||     3
 Stab: Sleeping          |    15 |    15 ||    30
  Eat: Chunk             |       |     4 ||     4
